AoeStats
← TheJack.777

Arena

510217746Analyzed
1v1 RM · 3d ago on Sep 30, 2026· 49m 36s· 2 players
Game mode
Random Map
Map size
Tiny (2 player)
Population
200
Speed
Normal
Resources
Standard
Victory
Conquest
Starting age
Dark Age
Ending age
Imperial Age
RankedLock teamsTeams togetherTeam positionsShared explorationLock speedFull tech treeHidden civsTurbo modeCheats
Victory
Defeat
🇨🇴 Spanish · Colombia
905
+15
🇨🇱 Huns · Chile
874
-15
TheJack.777
3:46 Loom
11:14 Feudal Age
12:11 Double-Bit Axe
12:08 Horse Collar
15:42 Castle Age
16:55 Bow Saw
16:56 Gold Mining
17:19 Heavy Plow
22:48 Wheelbarrow
21:59 Town Watch
24:42 Town Patrol
24:43 Stone Mining
25:57 Gold Shaft Mining
28:47 Imperial Age
26:47 Scale Barding Armor
27:30 Masonry
28:11 Hand Cart
28:35 Chain Barding Armor
29:02 Husbandry
30:15 Forging
30:41 Plate Barding Armor
30:20 Bloodlines
30:24 Forging
30:07 Fletching
30:51 Marauders
31:12 Conscription
32:23 Devotion
34:50 Iron Casting
33:39 Cavalier
34:01 Light Cavalry
34:41 Bodkin Arrow
35:17 Ballistics
36:09 Elite Tarkan
39:02 Blast Furnace
37:40 Paladin
41:17 Scale Mail Armor
41:19 Squires
41:06 Arson
42:17 Pikeman
44:35 Halberdier
45:40 Chain Mail Armor
Anfeos
10:33 Feudal Age
14:43 Castle Age
12:49 Gold Mining
12:51 Double-Bit Axe
13:24 Horse Collar
14:30 Stone Mining
15:58 Wheelbarrow
17:27 Herbal Medicine
17:34 Town Watch
17:35 Loom
24:36 Bow Saw
25:10 Heavy Plow
28:37 Imperial Age
26:12 Fletching
27:03 Husbandry
27:13 Bloodlines
27:28 Scale Barding Armor
29:09 Chain Barding Armor
29:00 Forging
29:43 Conscription
29:13 Cavalier
31:29 Chemistry
31:35 Ballistics
31:28 Masonry
32:50 Plate Barding Armor
32:11 Bodkin Arrow
32:54 Iron Casting
35:48 Architecture
35:17 Murder Holes
37:15 Blast Furnace
36:10 Bodkin Arrow
36:42 Hand Cart
37:37 Paladin
38:56 Light Cavalry
39:47 Hussar
41:45 Guilds
43:59 Fortified Wall
44:10 Ballistics
Connection lost

Rejoining the realm…

Still unreachable

The connection could not be restored.

Session expired

The server has moved on; the page needs a fresh start.